 Dungeon Sprint DCSS version 0.29-a0-371-g91724d5b39 (webtiles) character file.

Game seed: 12384097604632141087

192 BigDaddyOpFi the Chopper (level 5, 0/49 (52) HPs)
             Began as a Hill Orc Fighter on May 2, 2022.
             Was a Believer of Fedhas.
             Slain by a wight
             ... wielding a +0 mace
              (3 damage)
             ... in the Dungeon (Sprint VII: "The Pits").
             The game lasted 00:00:41 (192 turns).

BigDaddyOpFi the Chopper (Hill Orc Fighter)          Turns: 192, Time: 00:00:42

HP:   0/49 (52)     AC:  7    Str: 21    XL:     5   Next: 71%
MP:   5/5           EV: 10    Int:  8    God:    Fedhas [**....]
Gold: 0             SH:  5    Dex: 10    Spells: 4/4 levels left

rFire   . . .      SeeInvis .   a - +0 war axe
rCold   . . .      Faith    .   c - +0 buckler
rNeg    . . .      Spirit   .   b - +0 scale mail
rPois   .          Reflect  .   (no helmet)
rElec   .          Harm     .   (no cloak)
rCorr   .          Rampage  .   (no gloves)
Will    .....      NoTele   +   (no boots)
Stlth   ..........              (no amulet)
HPRegen 0.16/turn               (no ring)
MPRegen 0.09/turn               (no ring)

@: mighty, on berserk cooldown, slowed, drained, very slow
A: no striking features
a: Renounce Religion, Wall of Briars


You were in the Dungeon.
You worshipped Fedhas.
Fedhas was pleased with you.
You visited 1 branch

Inventory:

Hand Weapons
 a - a +0 war axe (weapon)
Armour
 b - a +0 scale mail (worn)
 c - a +0 buckler (worn)
Scrolls
 j - a scroll of blinking
Potions
 e - a potion of curing
 g - a potion of haste
 h - 4 potions of magic
 i - 2 potions of berserk rage
 k - 2 potions of invisibility


   Skills:
 + Level 7.6 Fighting
 + Level 7.9 Axes
 + Level 6.9 Armour
 + Level 1.4 Dodging
 + Level 6.5 Shields


You had 4 spell levels left.
You didn't know any spells.
Your spell library was empty.

Dungeon Overview and Level Annotations

Branches:
Dungeon (1/1)

Altars:
Ashenzari
Cheibriados
Dithmenos
Elyvilon
Fedhas
Gozag
Hepliaklqana
Kikubaaqudgha
Makhleb
Nemelex Xobeh
Okawaru
Qazlal
Ru
Sif Muna
Trog
Uskayaw
Vehumet
Wu Jian
Xom
Yredelemnul
Zin
The Shining One
Beogh
Jiyva
Lugonu


Message History

The wight is almost destroyed.
The wight hits you with a +1 dagger.
You slice the wight!!
You destroy the wight!
Fedhas accepts your kill.
You slash the wight!
You destroy the wight!
Fedhas accepts your kill. The wight hits you with a +0 mace.
You feel drained.
Your life force feels restored.
Your Fighting skill increases to level 7!
Your Axes skill gained 2 levels and is now at level 7!
Your Armour skill increases to level 6!
Your Dodging skill increases to level 1!
Your Shields skill increases to level 6!
You have reached level 5!
You feel stronger.
You barely miss the wight. You block the wight's attack.
The wight hits you with a +0 mace.
You feel drained.
You slash the wight!
The wight is severely damaged.
You block the wight's attack. The wight misses you.
Unknown command.
You closely miss the wight.
The wight is severely damaged.
The wight hits you with a +0 mace! The wight hits you with a +0 dagger.
You completely miss the wight. You barely miss the wight.
The wight hits you with a +0 mace!
* * * LOW HITPOINT WARNING * * *
The wight hits you with a +0 dagger.
* * * LOW HITPOINT WARNING * * *
You feel drained.
You closely miss the wight. x2; The wight closely misses you.
The wight hits you but does no damage. The wight misses you.
The wight hits you with a +0 mace!
* * * LOW HITPOINT WARNING * * *
You closely miss the wight. You hit the wight. You block the wight's attack.
The wight hits you but does no damage. The wight hits you with a +0 mace.
You die...
Fedhas appreciates your contribution to the ecosystem.

#.?(.')))'.##......#..#
##########.##..........
#..........†'..........
+#####'#####......#..#
#.....# #..........
#.....# ####'#####+
###'### #.......#
#.†...# #.......#
#..z@)# #.......#
####z## #...<...#
#........##.......#
#........##.......#
###########.......#
#########


You could see 2 wights.

Vanquished Creatures
  A scorpion (D)
  2 wights (D)
  2 adders (D)
  An adder zombie (D)
  A giant cockroach (D)
  A quokka (D)
  A ball python (D)
  A kobold (D)
10 creatures vanquished.

Notes
Turn   | Place    | Note
-------+----------+-------------------------------------------
     0 | D        | BigDaddyOpFi the Hill Orc Fighter began the quest for the
                  | Orb.
     0 | D        | Reached XP level 1. HP: 19/19 MP: 1/1
    31 | D        | Found a glowing golden altar of the Shining One.
    31 | D        | Found a glowing silver altar of Zin.
    31 | D        | Found a basalt altar of Yredelemnul.
    31 | D        | Found a shimmering altar of Xom.
    31 | D        | Found an ornate altar of the Wu Jian Council.
    31 | D        | Found a bloodstained altar of Trog.
    31 | D        | Found a shimmering blue altar of Sif Muna.
    31 | D        | Found a sacrificial altar of Ru.
    31 | D        | Found a stormy altar of Qazlal.
    31 | D        | Found an iron altar of Okawaru.
    31 | D        | Found a sparkling altar of Nemelex Xobeh.
    31 | D        | Found a burning altar of Makhleb.
    31 | D        | Found a viscous altar of Jiyva.
    31 | D        | Found a hazy altar of Hepliaklqana.
    31 | D        | Found an opulent altar of Gozag.
    31 | D        | Found a blossoming altar of Fedhas.
    31 | D        | Found a white marble altar of Elyvilon.
    31 | D        | Found a shadowy altar of Dithmenos.
    31 | D        | Found a snail-covered altar of Cheibriados.
    32 | D        | Found a radiant altar of Vehumet.
    32 | D        | Found a corrupted altar of Lugonu.
    32 | D        | Found a roughly hewn altar of Beogh.
    33 | D        | Found a hide-covered altar of Uskayaw.
    33 | D        | Found an ancient bone altar of Kikubaaqudgha.
    33 | D        | Found a broken altar of Ashenzari.
    38 | D        | Became a worshipper of Fedhas Madash
   152 | D        | Reached * piety under Fedhas
   153 | D        | Reached XP level 2. HP: 28/28 MP: 2/2
   163 | D        | Noticed a wight
   164 | D        | Noticed a scorpion
   164 | D        | Noticed a wight
   164 | D        | Noticed a wight
   164 | D        | Noticed a wight
   172 | D        | Reached skill level 5 in Fighting
   172 | D        | Reached XP level 3. HP: 36/36 MP: 3/3
   174 | D        | Killed a scorpion
   174 | D        | Reached ** piety under Fedhas
   175 | D        | Reached skill level 5 in Axes
   175 | D        | Reached skill level 5 in Armour
   175 | D        | Reached skill level 5 in Shields
   175 | D        | Reached XP level 4. HP: 45/45 MP: 4/4
   187 | D        | Reached skill level 1 in Dodging
   187 | D        | Reached XP level 5. HP: 33/52 MP: 5/5
   192 | D        | Slain by a wight

Illustrated notes

Levels and vault maps discovered:
D:        pitsprint [storerooms_1, entrance_room_1, metal_vault_4, armoury_2,
          mini_pit_1, grid_room_1, main_hall_1, silver_pit, the_coven_1,
          the_vestibule_1, steel_vault_3, golden_pit, hallway_of_sentries,
          crystal_vault_3, iron_vault_2, final_vault]

Skill      XL: |  1  2  3  4 |
---------------+-------------+-----
Fighting       | 4 5 6 7 |  7.6
Axes           | 3 4 5 7 |  7.9
Armour         | 4 5 6 |  6.9
Shields        | 4 5 6 |  6.5
Dodging        | 1 |  1.4

Action                   |  1- 3 |  4- 6 || total
-------------------------+-------+-------++-------
Melee: War axe           |    22 |    14 ||    36
  Use: Potion            |     1 |     2 ||     3
Armor: Scale mail        |     9 |     7 ||    16
Dodge: Dodged            |    12 |     9 ||    21
Block: Buckler           |     6 |     7 ||    13

Table legend: (Time is in decaauts)
 A = Elapsed time spent in this place.
 B = Non-inter-level travel time spent in this place.
 C = Inter-level travel time spent in this place.
 D = Time resting spent in this place.
 E = Time spent auto-exploring this place.
 F = Levels seen in this place.
 G = Mean time per level.
                   A        B        C        D        E       F      G
               +--------+--------+--------+--------+--------+-----+--------+
         Total |    203 |    203 |      0 |     88 |      0 |   1 |  203.0 |
       Dungeon |    203 |    203 |      0 |     88 |      0 |   1 |  203.0 |
               +--------+--------+--------+--------+--------+-----+--------+

Top non-repeatable levels by time:
       D: 203 daAuts
